 Dungeon Crawl Stone Soup version 0.28-a0-1286-g6bde065e89 (webtiles) character file.

Game seed: 12428385584637288356

79 ALWAYSlose the Slasher (level 4, -1/61 HPs)
             Began as a Minotaur Berserker on Dec 26, 2021.
             Was a Believer of Trog.
             Slain by an orc wizard (2 damage)
             ... on level 3 of the Dungeon.
             The game lasted 00:01:07 (2061 turns).

ALWAYSlose the Slasher (Minotaur Berserker)         Turns: 2061, Time: 00:01:07

Health: -1/61      AC:  2    Str: 21    XL:     4   Next: 17%
Magic:  3/3        EV: 12    Int:  4    God:    Trog [**....]
Gold:   91         SH:  0    Dex: 12    Spells: 3/3 levels left

rFire   . . .      SeeInvis .   a - +0 falchion
rCold   . . .      Faith    .   (no shield)
rNeg    . . .      Spirit   .   b - +0 animal skin
rPois   .          Reflect  .   (helmet restricted)
rElec   .          Harm     .   (no cloak)
rCorr   .          Rampage  .   (no gloves)
Will    .....                   (no boots)
Stlth   ..........              (no amulet)
HPRegen 0.20/turn               (no ring)
MPRegen 0.08/turn               (no ring)

@: berserking (expiring), very quick
A: horns 2, retaliatory headbutt
a: Renounce Religion, Berserk, Trog's Hand


You were on level 3 of the Dungeon.
You worshipped Trog.
Trog was pleased with you.
You visited 1 branch of the dungeon, and saw 3 of its levels.

You collected 91 gold pieces.

Inventory:

Hand Weapons
 a - a +0 falchion (weapon)
Armour
 b - a +0 animal skin (worn)
Scrolls
 c - a scroll of holy word {unknown}
 e - a scroll of magic mapping {unknown}
 f - 2 scrolls of vulnerability {unknown}
 g - a scroll of blinking {unknown}
 h - a scroll of enchant weapon {unknown}
 i - a scroll of fear {unknown}
Potions
 d - 2 potions of mutation {unknown}
 j - a potion of curing {unknown}
 k - a potion of heal wounds {unknown}
 l - a potion of cancellation {unknown}
 m - a potion of ambrosia {unknown}


   Skills:
 + Level 4.3 Fighting
 + Level 4.4 Long Blades
 + Level 3.3 Armour
 + Level 3.1 Dodging


You had 3 spell levels left.
You didn't know any spells.
Your spell library contained the following spells:

 Spells                   Type           Power      Damage    Failure   Level
 Ozocubu's Armour         Ice            0%         N/A       86%         3
 Ozocubu's Refrigeration  Ice            0%         4d5       100%        7


Dungeon Overview and Level Annotations

Branches:
Dungeon (3/15)

Altars:


Innate Abilities, Weirdness & Mutations

You have a pair of horns on your head.
You reflexively headbutt those who attack you in melee.


Message History

A red film seems to cover your vision as you go berserk!
You feel yourself moving faster!
You feel mighty! The orc hits you with a +0 club.
* * * LOW HITPOINT WARNING * * *
Something completely misses you. The orc hits you but does no damage.
Unknown command.
You hit the orc but do no damage. You headbutt the orc, but do no damage.
The orc is severely wounded.
The orc hits you with a +0 club.
* * * LOW HITPOINT WARNING * * *
Something hits you.
* * * LOW HITPOINT WARNING * * *
The orc closely misses you.
You closely miss the orc.
The orc is severely wounded.
The orc barely misses you. Something hits you.
* * * LOW HITPOINT WARNING * * *
The orc hits you with a +0 whip.
* * * LOW HITPOINT WARNING * * *
You barely miss the orc.
The orc is moderately wounded.
Unknown command.
You hit the orc but do no damage.
The orc is severely wounded.
The orc barely misses you. Something hits you.
* * * LOW HITPOINT WARNING * * *
The orc barely misses you.
Unknown command.
You barely miss the orc. Your headbutt misses the orc.
The orc is severely wounded.
The orc hits you but does no damage. Something hits you.
* * * LOW HITPOINT WARNING * * *
The orc hits you with a +0 whip.
* * * LOW HITPOINT WARNING * * *
Unknown command.
You slash the orc!
You kill the orc!
Trog accepts your kill. The orc misses you. Something hits you.
You die...

#.......#
#.8...8.#
#.......#
#.......#
#.......# #
#.8...8.#.####
.#....)){#.....
......o@)..######
####......<.....
#..[.######.#
####.######.##.##
##...............
#.......#.####..>
#..#####.#..#.....
..... #......#
..#### ###.##.#


You could see an orc.

Vanquished Creatures
  An orc priest (D:3)
  A dart slug (D:1)
  4 orcs (D:3)
  6 bats
  2 endoplasms (D:1)
  2 giant cockroaches (D:1)
  6 goblins
  2 hobgoblins (D:1)
  4 jackals (D:2)
  A kobold (D:1)
  4 quokkas
  3 ball pythons
  A frilled lizard (D:1)
  4 rats
41 creatures vanquished.

Notes
Turn   | Place    | Note
-------+----------+-------------------------------------------
     0 | D:1      | ALWAYSlose the Minotaur Berserker began the quest for the
                  | Orb.
     0 | D:1      | Reached XP level 1. HP: 19/19 MP: 0/0
   215 | D:1      | Reached XP level 2. HP: 27/27 MP: 1/1
  1063 | D:2      | Reached XP level 3. HP: 17/33 MP: 2/2
  2047 | D:3      | Reached ** piety under Trog
  2052 | D:3      | Reached XP level 4. HP: 28/41 MP: 3/3
  2059 | D:3      | HP: 3/61 [something (4)]
  2060 | D:3      | HP: 1/61 [orc (1)]
  2061 | D:3      | Slain by an orc wizard

Illustrated notes

Levels and vault maps discovered:
D:1:      dpeg_arrival_renting, layout_loops_ring,
          chequers_serial_rivers_small_a, minmay_tetromino_t2
D:2:      layout_loops_corners
D:3:      cheibrodos_pilgrimage, layout_rooms, basic_ecumenical_altar

Skill      XL: |  1  2  3 |
---------------+----------+-----
Long Blades    | 4 |  4.4
Fighting       | 4 |  4.3
Armour         | 3 |  3.3
Dodging        | 3 |  3.1

Action                   |  1- 3 |  4- 6 || total
-------------------------+-------+-------++-------
Melee: Falchion          |    68 |     9 ||    77
       Headbutt          |    13 |     1 ||    14
Invok: Berserk           |       |     1 ||     1
Armor: Animal skin       |    14 |     3 ||    17
Dodge: Dodged            |    42 |    10 ||    52

Table legend: (Time is in decaauts)
 A = Elapsed time spent in this place.
 B = Non-inter-level travel time spent in this place.
 C = Inter-level travel time spent in this place.
 D = Time resting spent in this place.
 E = Time spent auto-exploring this place.
 F = Levels seen in this place.
 G = Mean time per level.
                   A        B        C        D        E       F      G
               +--------+--------+--------+--------+--------+-----+--------+
         Total |   2066 |   2007 |     59 |     54 |   1751 |   3 |  688.7 |
       Dungeon |   2066 |   2007 |     59 |     54 |   1751 |   3 |  688.7 |
               +--------+--------+--------+--------+--------+-----+--------+

Top non-repeatable levels by time:
     D:1: 1046 daAuts
     D:2: 983 daAuts
     D:3: 37 daAuts
